NCAA
MINNESOTA GOLDEN GOPHERS @ VIRGINIA TECH HOKIES
04/20/2027
 
TOP OF THE 1ST
Minnesota Golden Gophers batting - Pitching for Virginia Tech Hokies : RHP Don Ramsey
Pitching: RHP Don Ramsey
Batting: LHB Tony Ayala 0-0: Called Strike
0-1: Ball
1-1: Ball
2-1: Ball
3-1: Foul Ball, location: 2F
3-2: Base on Balls
Batting: SHB Sean Brown 0-0: Ball
1-0: Called Strike
1-1: Ball
Tony Ayala is caught stealing 2nd base
2-1: Called Strike
2-2: Foul Ball, location: 2F
2-2: Strikes out looking
Batting: RHB Tim Glendonwyn 0-0: Ball
1-0: Called Strike
1-1: Foul Ball, location: 2F
1-2: Ball
2-2: Ball
3-2: Ground out 5-3 (Groundball, 56)
Top of the 1st over - 0 run(s), 0 hit(s), 0 error(s), 0 left on base; Minnesota 0 - Virginia Tech 0
BOTTOM OF THE 1ST
Virginia Tech Hokies batting - Pitching for Minnesota Golden Gophers : RHP Mike Spencer
Pitching: RHP Mike Spencer
Batting: RHB Francisco Medina 0-0: Reached on error, E6 (Groundball, 6)
Batting: RHB Clay Smith 0-0: Ball
1-0: Foul Ball, location: 2F
1-1: Called Strike
1-2: Strikes out swinging
Batting: LHB Juan Carlos Manuel 0-0: Ball
1-0: Called Strike
1-1: Ball
2-1: Foul Ball, location: 2F
2-2: Fly out, F8 (Line Drive, 8RM)
Batting: RHB César Rodríguez 0-0: Called Strike
0-1: Ball
1-1: Ball
2-1: Foul Ball, location: 2F
2-2: Foul Ball, location: 2F
2-2: DOUBLE (Flyball, 7LM)
Francisco Medina to third
Runner from 3rd tries for Home, SAFE, no throw
Batting: RHB Eric Clay 0-0: Ball
1-0: Foul Ball, location: 2F
1-1: Swinging Strike
1-2: Strikes out swinging
Bottom of the 1st over - 1 run(s), 1 hit(s), 1 error(s), 1 left on base; Minnesota 0 - Virginia Tech 1
TOP OF THE 2ND
Minnesota Golden Gophers batting - Pitching for Virginia Tech Hokies : RHP Don Ramsey
Batting: RHB Christian Nash 0-0: Ball
1-0: Foul Ball, location: 2F
1-1: Foul Ball, location: 2F
1-2: Strikes out swinging
Batting: LHB Matt Pennington 0-0: Swinging Strike
0-1: SOLO HOME RUN (Flyball, 9D), Distance : 357 ft
Batting: RHB James Morris 0-0: Called Strike
0-1: Ball
1-1: Ball
2-1: Called Strike
2-2: Ball
3-2: Base on Balls
Batting: RHB Mike Martínez 0-0: Ball
1-0: Foul Ball, location: 2F
1-1: Ball
2-1: Foul Ball, location: 2F
2-2: Fly out, F8 (Flyball, 8RS)
Batting: RHB Miguel Rodríguez 0-0: Foul Ball, location: 2F
0-1: Called Strike
0-2: Ball
1-2: Ball
2-2: Strikes out swinging
Top of the 2nd over - 1 run(s), 1 hit(s), 0 error(s), 1 left on base; Minnesota 1 - Virginia Tech 1
BOTTOM OF THE 2ND
Virginia Tech Hokies batting - Pitching for Minnesota Golden Gophers : RHP Mike Spencer
Batting: RHB Rob Fleming 0-0: Foul Ball, location: 2F
0-1: Ball
1-1: Ball
2-1: DOUBLE (Groundball, 5L)
Batting: RHB Nathan Taylor 0-0: Foul Ball, location: 2F
0-1: Ball
1-1: Foul Ball, location: 2F
1-2: Strikes out looking
Batting: RHB Matt Jenkins 0-0: Ball
1-0: Ball
2-0: Ground out 5-3 (Groundball, 56S)
Rob Fleming to third
Batting: RHB Dusty Green 0-0: Called Strike
0-1: Ball
1-1: SINGLE (Flyball, 89S)
Rob Fleming scores
Batting: RHB Francisco Medina 0-0: Called Strike
0-1: Ball
1-1: Fielders Choice at 2nd, 6-4 (Groundball, 6)
Bottom of the 2nd over - 1 run(s), 2 hit(s), 0 error(s), 0 left on base; Minnesota 1 - Virginia Tech 2
TOP OF THE 3RD
Minnesota Golden Gophers batting - Pitching for Virginia Tech Hokies : RHP Don Ramsey
Batting: RHB William Elliott 0-0: Foul Ball, location: 2F
0-1: Foul Ball, location: 2F
0-2: Strikes out looking
Batting: LHB Tony Ayala 0-0: Ball
1-0: Foul Ball, location: 2F
1-1: Foul Ball, location: 2F
1-2: Ball
2-2: Foul Ball, location: 2F
2-2: Strikes out swinging
Batting: SHB Sean Brown 0-0: Ball
1-0: Foul Ball, location: 2F
1-1: Ball
2-1: Fly out, F6 (Flyball, 6MD)
Top of the 3rd over - 0 run(s), 0 hit(s), 0 error(s), 0 left on base; Minnesota 1 - Virginia Tech 2
BOTTOM OF THE 3RD
Virginia Tech Hokies batting - Pitching for Minnesota Golden Gophers : RHP Mike Spencer
Batting: RHB Clay Smith 0-0: DOUBLE (Line Drive, 78D)
Batting: LHB Juan Carlos Manuel 0-0: Ball
1-0: Swinging Strike
1-1: Ball
2-1: Called Strike
2-2: Ball
3-2: SINGLE (Line Drive, 89M)
Clay Smith to third
Runner from 3rd tries for Home, SAFE, throw made home
Juan Carlos Manuel to second
Batting: RHB César Rodríguez 0-0: Ground out 5-3 (Groundball, 25)
Juan Carlos Manuel to third
Batting: RHB Eric Clay 0-0: Ball
1-0: Ball
2-0: Called Strike
2-1: Foul Ball, location: 2F
2-2: Foul Ball, location: 2F
2-2: Fly out, F7 (Flyball, 7S)
Batting: RHB Rob Fleming 0-0: Foul Ball, location: 2F
0-1: Swinging Strike
0-2: Ball
1-2: Foul Ball, location: 2F
1-2: Ground out 4-3 (Groundball, 4)
Bottom of the 3rd over - 1 run(s), 2 hit(s), 0 error(s), 1 left on base; Minnesota 1 - Virginia Tech 3
TOP OF THE 4TH
Minnesota Golden Gophers batting - Pitching for Virginia Tech Hokies : RHP Don Ramsey
Batting: RHB Tim Glendonwyn 0-0: Ball
1-0: Ball
2-0: Called Strike
2-1: Swinging Strike
2-2: Strikes out looking
Batting: RHB Christian Nash 0-0: Ball
1-0: Swinging Strike
1-1: Ball
2-1: Foul Ball, location: 2F
2-2: Foul Ball, location: 2F
2-2: Foul Ball, location: 2F
2-2: Foul Ball, location: 2F
2-2: Foul Ball, location: 2F
2-2: Strikes out swinging
Batting: LHB Matt Pennington 0-0: Fly out, F7 (Flyball, 7)
Top of the 4th over - 0 run(s), 0 hit(s), 0 error(s), 0 left on base; Minnesota 1 - Virginia Tech 3
BOTTOM OF THE 4TH
Virginia Tech Hokies batting - Pitching for Minnesota Golden Gophers : RHP Mike Spencer
Batting: RHB Nathan Taylor 0-0: Ball
1-0: Ball
2-0: Called Strike
2-1: Ball
3-1: Fly out, F8 (Flyball, 8LM)
Batting: RHB Matt Jenkins 0-0: Ball
1-0: Ball
2-0: Swinging Strike
2-1: Ball
3-1: Base on Balls
Batting: RHB Dusty Green 0-0: Ball
1-0: Fly out, F9 (Flyball, 89M)
Batting: RHB Francisco Medina 0-0: Ball
1-0: Ball
2-0: Ball
3-0: Base on Balls
Matt Jenkins to second
Batting: RHB Clay Smith 0-0: Called Strike
0-1: Ground out 6-3 (Groundball, 56)
Bottom of the 4th over - 0 run(s), 0 hit(s), 0 error(s), 2 left on base; Minnesota 1 - Virginia Tech 3
TOP OF THE 5TH
Minnesota Golden Gophers batting - Pitching for Virginia Tech Hokies : RHP Don Ramsey
Batting: RHB James Morris 0-0: Foul Ball, location: 2F
0-1: Ball
1-1: Ball
2-1: Ball
3-1: SOLO HOME RUN (Flyball, 78XD), Distance : 384 ft
Batting: RHB Mike Martínez 0-0: Ball
1-0: Ball
2-0: Ball
3-0: Called Strike
3-1: Base on Balls
Batting: RHB Miguel Rodríguez 0-0: Called Strike
0-1: Ball
1-1: Swinging Strike
1-2: Strikes out swinging
Pitching: LHP Jeremy Spencer
Batting: RHB William Elliott 0-0: Called Strike
0-1: Ball
1-1: Ball
2-1: Swinging Strike
2-2: Foul Ball, location: 2F
2-2: Ball
3-2: Foul Ball, location: 2F
3-2: SINGLE (Groundball, 34D)
Mike Martínez to second
Runner from 2nd tries for 3rd, SAFE, throw made to third
Batting: LHB Tony Ayala 0-0: Called Strike
0-1: Ball
1-1: Fly out, F7 (Flyball, 7S)
Batting: SHB Sean Brown 0-0: Called Strike
0-1: Called Strike
0-2: Ball
1-2: Ball
2-2: Strikes out swinging
Top of the 5th over - 1 run(s), 2 hit(s), 0 error(s), 2 left on base; Minnesota 2 - Virginia Tech 3
BOTTOM OF THE 5TH
Virginia Tech Hokies batting - Pitching for Minnesota Golden Gophers : RHP Mike Spencer
Batting: LHB Juan Carlos Manuel 0-0: Foul Ball, location: 2F
0-1: Foul Ball, location: 2F
0-2: Ball
1-2: Ball
2-2: Strikes out swinging
Batting: RHB César Rodríguez 0-0: Ball
1-0: Ball
2-0: Ball
3-0: Foul Ball, location: 2F
3-1: Foul Ball, location: 2F
3-2: Foul Ball, location: 2F
3-2: Foul Ball, location: 2F
3-2: SINGLE (Line Drive, 34D)
Pitching: RHP Hoyt MacGregor
Batting: RHB Eric Clay 0-0: Foul Ball, location: 2F
0-1: Ball
1-1: Grounds into double play, 4-6-3 (Groundball, 4)
Bottom of the 5th over - 0 run(s), 1 hit(s), 0 error(s), 0 left on base; Minnesota 2 - Virginia Tech 3
TOP OF THE 6TH
Minnesota Golden Gophers batting - Pitching for Virginia Tech Hokies : LHP Jeremy Spencer
Batting: RHB Tim Glendonwyn 0-0: Called Strike
0-1: Ball
1-1: Called Strike
1-2: Strikes out looking
Batting: RHB Christian Nash 0-0: Ball
1-0: Ball
2-0: Called Strike
2-1: Foul Ball, location: 2F
2-2: Strikes out swinging
Batting: LHB Matt Pennington 0-0: SINGLE (Groundball, 56) (infield hit)
Batting: RHB James Morris 0-0: Ball
Matt Pennington is caught stealing 2nd base
Top of the 6th over - 0 run(s), 1 hit(s), 0 error(s), 0 left on base; Minnesota 2 - Virginia Tech 3
BOTTOM OF THE 6TH
Virginia Tech Hokies batting - Pitching for Minnesota Golden Gophers : RHP Hoyt MacGregor
Batting: RHB Rob Fleming 0-0: Ball
1-0: Foul Ball, location: 2F
1-1: Ball
2-1: Swinging Strike
2-2: Strikes out looking
Batting: RHB Nathan Taylor 0-0: Called Strike
0-1: Ball
1-1: Ball
2-1: Swinging Strike
2-2: Fly out, F9 (Flyball, 9S)
Batting: RHB Matt Jenkins 0-0: Called Strike
0-1: Called Strike
0-2: Ball
1-2: Strikes out swinging
Bottom of the 6th over - 0 run(s), 0 hit(s), 0 error(s), 0 left on base; Minnesota 2 - Virginia Tech 3
TOP OF THE 7TH
Minnesota Golden Gophers batting - Pitching for Virginia Tech Hokies : LHP Jeremy Spencer
Batting: RHB James Morris 0-0: Swinging Strike
0-1: Ball
1-1: Foul Ball, location: 2F
1-2: Strikes out swinging
Batting: RHB Mike Martínez 0-0: Ball
1-0: Called Strike
1-1: Foul Ball, location: 2F
1-2: Strikes out swinging
Batting: RHB Miguel Rodríguez 0-0: Called Strike
0-1: Foul Ball, location: 2F
0-2: Ball
1-2: Ball
2-2: Foul Ball, location: 2F
2-2: Strikes out swinging
Top of the 7th over - 0 run(s), 0 hit(s), 0 error(s), 0 left on base; Minnesota 2 - Virginia Tech 3
BOTTOM OF THE 7TH
Virginia Tech Hokies batting - Pitching for Minnesota Golden Gophers : RHP Hoyt MacGregor
Pitching: RHP Robert Willard
Batting: RHB Dusty Green 0-0: Ball
1-0: Ball
2-0: Ball
3-0: Base on Balls
Batting: RHB Francisco Medina 0-0: Ball
1-0: Foul Ball, location: 2F
1-1: Ball
2-1: Fielders Choice at 2nd, 4-6 (Groundball, 4)
Pitching: RHP Carlos Salgado
Batting: RHB Clay Smith 0-0: Swinging Strike
0-1: Ball
Francisco Medina is caught stealing 2nd base
1-1: Foul Ball, location: 2F
1-2: Strikes out swinging
Bottom of the 7th over - 0 run(s), 0 hit(s), 0 error(s), 0 left on base; Minnesota 2 - Virginia Tech 3
TOP OF THE 8TH
Minnesota Golden Gophers batting - Pitching for Virginia Tech Hokies : LHP Jeremy Spencer
Pitching: RHP Russ Underwood
Batting: RHB William Elliott 0-0: SINGLE (Groundball, 6D)
Pitching: LHP Rob Rogers
Batting: LHB Tony Ayala 0-0: Bunted foul
0-1: Ball
1-1: Bunted foul
1-2: Ball
2-2: Strikes out swinging
Pitching: RHP Eldon McElroy
Batting: SHB Sean Brown 0-0: Ball
1-0: Bunted foul
1-1: Sac Bunt - play at first, batter OUT! 3-4
William Elliott to second
Batting: RHB Tim Glendonwyn 0-0: Fly out, F8 (Flyball, 8LM)
Top of the 8th over - 0 run(s), 1 hit(s), 0 error(s), 1 left on base; Minnesota 2 - Virginia Tech 3
BOTTOM OF THE 8TH
Virginia Tech Hokies batting - Pitching for Minnesota Golden Gophers : RHP Carlos Salgado
Batting: LHB Juan Carlos Manuel 0-0: Ball
1-0: Ball
2-0: Ball
3-0: Called Strike
3-1: Foul Ball, location: 2F
3-2: Foul Ball, location: 2F
3-2: Base on Balls
Batting: RHB César Rodríguez 0-0: Called Strike
0-1: Fly out, F9 (Line Drive, 9)
Batting: RHB Eric Clay 0-0: Ball
1-0: Swinging Strike
1-1: Ground out 5-3 (Groundball, 56)
Juan Carlos Manuel to second
Batting: RHB Rob Fleming 0-0: Foul Ball, location: 2F
0-1: Called Strike
0-2: Ball
1-2: Strikes out swinging
Bottom of the 8th over - 0 run(s), 0 hit(s), 0 error(s), 1 left on base; Minnesota 2 - Virginia Tech 3
TOP OF THE 9TH
Minnesota Golden Gophers batting - Pitching for Virginia Tech Hokies : RHP Eldon McElroy
Pitching: RHP Nathan Sullivan
Now at C: Bob Jones
Batting: RHB Christian Nash 0-0: Foul Ball, location: 2F
0-1: Called Strike
0-2: Ground out U3 (Groundball, 34)
Pinch Hitting: RHB Pedro García 0-0: Ball
1-0: Foul Ball, location: 2F
1-1: Foul Ball, location: 2F
1-2: Foul Ball, location: 2F
1-2: Ball
2-2: Strikes out swinging
Batting: RHB James Morris 0-0: Ball
1-0: Ball
2-0: Foul Ball, location: 2F
2-1: Ball
3-1: Ground out 5-3 (Groundball, 56S)
Top of the 9th over - 0 run(s), 0 hit(s), 0 error(s), 0 left on base; Minnesota 2 - Virginia Tech 3
Thursday, March 30th, 2017 - OOTP Baseball 17.12 Build 75